Unix NetHack Version 5.0.0-0 post-release - last build May 31 2026 23:59:36 (970b52f25bf058293b47ddfd14a1e40e571c508c,branch:main).

Game began 2026-06-04 09:03:23, ended 2026-06-04 13:13:41.

DiePARTEI, neutral male human Tourist

  -----                   ------                     -------  ---------------
  |...|  ----       ------|.(((|     -----       -----.....----........|..|(|
  |...| --..------- |...|.-.(.(|   ---...---    --..|...--......|...{..-..-||
  ||-----.........| |...|.|((((|  --.......-----|...|....|--------.....|....|
  |..............-- |-|--.---------.........--..|...[.)..|------ |.--|-------
  -----.....{....----...............|...*.......|-...|...-|((((| |.|...|
   |..-...............-|---.-----..-|..........--....|-...-.(((| |.|...-.
   |..|-.........-----|..|..|--.....|-....|.)......---...-|((((| |.-------
   ------.---...-|...-|..|..|-...|..---...|.--..|...|....|------ |.......|
      ---|--------....-------...---......-|.|-----.....--|  ---------------
      |....|  |........|...|...........---|.|..|--.......|  |+).([(./=|...|
      |.%%.| --......---...........-----  |.|..||...{....|--|"[*......|..--
      ------ |..|.............---.--   ---|....||.......-|..--------|--..--
         -----..|....|.....---- |)|    |.^|.|-----......-....).[..........|
      ----.|....|..----...--    |%|    |..|.|    ---|-.....-|.-........--||
    --|.........|---  -----   ---|---  |..-.|   ---..|..---|...--+-..--|..|
   --.|-.....----     ----    |..@..|  ------  --....|---  |..|...|-.|.-..|
  --..|....|.---------|..|    |.._..|          |>....|     --.---+--.----||
  |.....---|.........--..|    |.@...|          -------      |.............|
  |<..---  ------.......--    -------                       ---------------
  -----         ---------
DiePARTEI the Peregrinator  St:25 Dx:13 Co:18 In:11 Wi:11 Ch:18  Neutral
Dlvl:6  $:21 HP:0(98) Pw:30(30) AC:-3 Xp:10 T:14771  Stone Burdened

Latest messages:
 The corpse rots away completely.
 You have a little trouble lifting c - a rabid rat corpse.
 You hit the crocodile!
 The crocodile bites!
 The crocodile misses!
 You hit the crocodile!
 You hit the crocodile!
 You kill the crocodile!
 You have extreme difficulty lifting a crocodile corpse.  Continue? [ynq] (q) y
 You have extreme difficulty lifting h - a crocodile corpse.
 k - a sewer rat corpse.
 You can barely move a handspan with this load!
 You see here a scimitar.
 The cockatrice bites!
 The cockatrice touches you!
 You hear the cockatrice's hissing!
 You see here an owlbear corpse.
 The cockatrice misses!
 The cockatrice misses!
 The cockatrice bites!
 The cockatrice touches you!
 You hear the cockatrice's hissing!
 The cockatrice bites!
 The cockatrice touches you!
 The cockatrice bites!
 The cockatrice touches you!
 What do you want to sacrifice? [chkn or ?*] h
 Your sacrifice is consumed in a plume of smoke!
 You glimpse a four-leaf clover at your feet.
 Your movements are only slowed slightly by your load.
 What do you want to sacrifice? [ckn or ?*] k
 Your sacrifice is consumed in a plume of smoke!
 What do you want to sacrifice? [cn or ?*] n
 Nothing happens.
 What do you want to sacrifice? [cn or ?*] c
 Your sacrifice is consumed in a plume of smoke!
 The cockatrice misses!
 The cockatrice touches you!
 You hear the cockatrice's hissing!
 You are slowing down.
 You hit the cockatrice!
 Your limbs are stiffening.
 Your limbs have turned to stone.
 You have turned to stone.
 You are a statue.
 Do you want your possessions identified? [ynq] (y) y
 Do you want to see your attributes? [ynq] (y) y
 Do you want an account of creatures vanquished? [ynaq] (y) y
 Do you want to see your conduct and achievements? [ynq] (y) y
 Do you want to see the dungeon overview? [ynq] (y) y

Inventory:
 Coins    ('$')
  $ - 21 gold pieces
 Weapons  (')')
  a - 8 +2 darts (at the ready)
  E - the +0 Werebane (weapon in right hand)
 Armor    ('[')
  Q - a blessed very rusty +3 helmet (being worn)
  Z - a blessed rustproof +2 pair of gauntlets of power (being worn)
  R - a blessed thoroughly rusty +0 pair of kicking boots (being worn)
  o - an uncursed burnt +0 small shield (being worn)
  N - an uncursed very burnt very rotted +0 cloak of magic resistance (being worn)
  i - a blessed +1 dwarvish mithril-coat (being worn)
 Comestibles  ('%')
  b - 2 uncursed fortune cookies
  y - 2 uncursed tripe rations
  n - an uncursed lizard corpse
 Scrolls  ('?')
  v - an uncursed scroll of enchant weapon
  e - an uncursed scroll of food detection
  A - an uncursed scroll of light
  f - an uncursed scroll of scare monster
  G - an uncursed scroll of teleportation
 Potions  ('!')
  B - a cursed potion of blindness
  D - an uncursed potion of full healing
  I - a cursed potion of gain energy
  L - an uncursed potion of invisibility
  J - a blessed potion of levitation
  X - a cursed potion of restore ability
  U - an uncursed potion of see invisible
  O - an uncursed potion of sleeping
  w - a potion of unholy water
 Rings    ('=')
  q - an uncursed ring of conflict
  H - an uncursed ring of levitation
  V - an uncursed ring of teleport control
 Wands    ('/')
  m - a wand of cancellation (0:0)
  Y - a wand of lightning (0:7)
  j - a wand of polymorph (0:3)
  C - a wand of sleep (0:2)
  S - a wand of striking (0:1)
  g - a wand of teleportation (0:3)
 Tools    ('(')
  s - a blessed bag of holding named poisres containing 61 items
  T - a blessed oil lamp
  z - an uncursed skeleton key
 Gems/Stones  ('*')
  d - an uncursed garnet stone
  r - an uncursed worthless piece of violet glass
  M - a blessed luckstone

Contents of the bag of holding named poisres:
  4916 gold pieces
  10 blessed +2 darts
  2 blessed +0 darts
  131 +0 darts
  8 +0 daggers
  a +0 axe
  the blessed rustproof +3 Ogresmasher
  a +0 silver saber
  a cursed -1 pair of levitation boots
  an uncursed +0 pair of speed boots
  an uncursed +1 pair of water walking boots
  an uncursed +0 cloak of displacement
  an uncursed +0 mummy wrapping
  16 uncursed food rations
  a blessed scroll of blank paper
  5 uncursed scrolls of blank paper
  an uncursed scroll of confuse monster
  a cursed scroll of confuse monster
  an uncursed scroll of destroy armor
  a cursed scroll of destroy armor
  4 uncursed scrolls of enchant armor
  2 uncursed scrolls of enchant weapon
  an uncursed scroll of fire
  a blessed scroll of food detection
  an uncursed scroll of food detection
  a cursed scroll of food detection
  a cursed scroll of genocide
  a cursed scroll of gold detection
  a blessed scroll of light
  a blessed scroll of magic mapping
  3 uncursed scrolls of magic mapping
  a cursed scroll of magic mapping
  an uncursed scroll of remove curse
  2 uncursed scrolls of teleportation
  an uncursed spellbook of detect food
  an uncursed spellbook of detect treasure
  an uncursed spellbook of force bolt
  an uncursed potion of confusion
  an uncursed potion of monster detection
  an uncursed potion of oil
  an uncursed potion of paralysis
  an uncursed potion of restore ability
  an uncursed potion of speed
  a potion of holy water
  a magic harp (0:3)
  an uncursed blindfold
  a cursed brass lantern
  an expensive camera (0:79)
  a blessed magic marker (0:5)
  a +0 pick-axe
  an uncursed stethoscope
  2 uncursed amethyst stones
  3 uncursed diamonds
  3 uncursed emeralds
  3 uncursed obsidian stones
  3 uncursed rubies
  3 uncursed worthless pieces of green glass
  4 uncursed worthless pieces of violet glass
  3 uncursed worthless pieces of white glass
  2 uncursed worthless pieces of yellow glass
  2 uncursed worthless pieces of yellowish brown glass

DiePARTEI the Tourist's attributes:

Background:
 You were a Peregrinator, a level 10 male human Tourist.
 You were neutral, on a mission for The Lady
 who was opposed by Blind Io (lawful) and Offler (chaotic).
 You were right-handed.
 You were in the Gnomish Mines, on level 6.
 You entered the dungeon 14771 turns ago.
 You had 7822 experience points, 2178 more were needed to attain level 11.

Basics:
 You had 0 out of 98 hit points.
 You had all 30 energy points (spell power).
 Your armor class was -3.
 Your wallet contained 21 zorkmids, and
 you had 4916 more stashed away in your pack.
 Autopickup was off.

Final Characteristics:
 Your strength was 25 (base:10, peak:14, innate limit:18/100).
 Your dexterity was 13 (limit:18).
 Your constitution was 18 (limit:18).
 Your intelligence was 11 (limit:18).
 Your wisdom was 11 (limit:18).
 Your charisma was 18 (limit:18).

Final Status:
 You turned into stone.
 You weren't hungry.
 You were burdened; movement was slightly slowed.
 You were wielding a saber.
 You were skilled in saber.

Final Attributes:
 You were piously aligned.
 You were magic-protected.
 You were poison resistant.
 You were telepathic.
 You had automatic searching.
 You were guarded.
 Your spell casting was impaired by metallic armor.
 You were extremely lucky.
 You had extra luck.
 Good luck did not time out for you.
 You are dead.

Miscellaneous:
 You encountered 1 bones level.
 Total elapsed playing time was 3 hours, 46 minutes and 38 seconds.

Major events:
 Turn
    1: DiePARTEI the neutral male human Tourist entered the dungeon
  814: entered the Gnomish Mines
  864: reached Mine Town
  873: attained the rank of Sightseer (level 3)
 1136: was bestowed with Werebane by The Lady
 1554: made his first wish - "blessed greased fireproof rustproof erodeproof +2 gauntlets of power", got "a greased pair of padded gloves"
 1718: attained the rank of Excursionist (level 6)
 1925: chose a runed dagger to be named "Sting"
 2063: was bestowed with Ogresmasher by The Lady
 2829: was bestowed with Giantslayer by The Lady
 3480: chose a runed broadsword to be named "Orcrist"
 8026: acquired the Mines' End luckstone
 9346: attained the rank of Peregrinator (level 10)
10549: wished for "60000 $", got "5000 gold pieces"
14771: petrified by a cockatrice

Spells:
 Name                 Level Category     Fail Retention
 healing                1   healing      100%   26%-50%
 detect food            2   divination   100%   26%-50%
 detect monsters        1   divination   100%   26%-50%
 detect treasure        4   divination   100%  76%-100%
 force bolt             1   attack       100%  76%-100%

Skills:
 Fighting Skills
   bare handed combat [Skilled]
   two weapon combat  [Unskilled]
   riding             [Unskilled]
 Weapon Skills
   dagger             [Unskilled]
   knife              [Unskilled]
   axe                [Unskilled]
   pick-axe           [Unskilled]
   short sword        [Unskilled]
   broadsword         [Unskilled]
   long sword         [Unskilled]
   two-handed sword   [Unskilled]
   saber              [Skilled]
   mace               [Unskilled]
   morning star       [Unskilled]
   flail              [Unskilled]
   hammer             [Unskilled]
   quarterstaff       [Unskilled]
   polearms           [Unskilled]
   spear              [Unskilled]
   trident            [Unskilled]
   lance              [Unskilled]
   bow                [Unskilled]
   sling              [Unskilled]
   crossbow           [Unskilled]
   dart               [Basic]
   shuriken           [Unskilled]
   boomerang          [Unskilled]
   whip               [Unskilled]
   unicorn horn       [Unskilled]
 Spellcasting Skills
   divination spells  [Unskilled]
   enchantment spells [Unskilled]
   escape spells      [Unskilled]

Voluntary challenges:
 Character rerolling was not enabled.
 You never genocided any monsters.
 You never polymorphed an object.
 You used 2 wishes.
 You did not wish for any artifacts.
Achievements:
 You entered a shop.
 You entered the Gnomish Mines.
 You entered Minetown.
 You attained the rank of Sightseer.
 You entered a temple.
 You attained the rank of Excursionist.
 You completed the Gnomish Mines.
 You attained the rank of Peregrinator.

 The Dungeons of Doom: levels 1 to 6
    Level 1:
    Level 2:
       A scroll shop.
    Level 3:
       An armor shop, a fountain.
       Stairs down to The Gnomish Mines.
    Level 4:
    Level 5:
       A fountain.
    Level 6:
 The Gnomish Mines: levels 4 to 11
    Level 4:
    Level 5:
    Level 6: <- You were here.
       Many shops, a temple and an altar to The Lady, many fountains.
       Final resting place for
          you, petrified by a cockatrice.
    Level 7: "arch-lich"
    Level 8:
    Level 9:
    Level 10:
       Some graves.
       Final resting place for
          jspeed-Wiz-Hum-Mal-Neu, killed by a gargoyle,
          7spoons-Val-Hum-Fem-Law, killed by an invisible nalfeshnee.
    Level 11:


Vanquished creatures:
  a lurker above
  a ghost
  a long worm
  a large mimic
  a stalker
  a xorn
 an elf-noble
  2 wargs
  2 small mimics
  a xan
  2 wood golems
  a gelatinous cube
  a large dog
  a large cat
  a tiger
  2 gargoyles
  2 tengu
  2 ochre jellies
  2 leocrottas
  2 red nagas
  a pit viper
  a cobra
  a wraith
  a carnivorous ape
  a leather golem
  a Grey-elf
  4 chameleons
  a crocodile
  5 giant beetles
  2 quivering blobs
  3 cockatrices
  a wolf
  2 winter wolf cubs
  a lynx
  a spotted jelly
  3 leprechauns
  2 orc-captains
 an iron piercer
  a mumak
  a giant spider
  a horse
 an ice vortex
  a forest centaur
  a gnome ruler
  2 orc mummies
  a dwarf mummy
  2 brown puddings
  a rust monster
  2 owlbears
  a gold golem
  a Green-elf
  4 lizards
  2 dingoes
  a dog
  a housecat
  2 jaguars
  a dwarf leader
  a blue jelly
  2 dust vortices
  3 ravens
  a plains centaur
  2 gnome mummies
 an ape
  4 Woodland-elves
  4 soldier ants
  a bugbear
  2 imps
  3 quasits
  3 wood nymphs
  2 water nymphs
  3 mountain nymphs
 an orc shaman
  a rock piercer
  2 rock moles
  2 ponies
  2 fog clouds
  2 yellow lights
  3 shriekers
 19 gnome leaders
  7 gnomish wizards
  a kobold mummy
  4 gray oozes
 an elf zombie
  2 giant ants
  a little dog
  4 floating eyes
 20 dwarves
  3 homunculi
  a kobold shaman
 18 hill orcs
 11 rothes
  3 rabid rats
  3 giant bats
  2 orc zombies
  2 dwarf zombies
  a werejackal
  8 iguanas
  2 killer bees
  3 acid blobs
  7 coyotes
  a gas spore
  4 hobbits
 12 manes
  a large kobold
  2 hobgoblins
  4 giant rats
  3 cave spiders
  2 yellow molds
  2 green molds
  a red mold
 61 gnomes
  7 geckos
  4 jackals
  2 foxes
  2 kobolds
  a goblin
  3 sewer rats
 13 grid bugs
  4 lichens
  3 kobold zombies
 10 newts
397 creatures vanquished.

No species were genocided or became extinct.

Game over:
                       ----------
                      /          \
                     /    REST    \
                    /      IN      \
                   /     PEACE      \
                  /                  \
                  |    DiePARTEI     |
                  |     4937 Au      |
                  |  petrified by a  |
                  |    cockatrice    |
                  |                  |
                  |                  |
                  |       2026       |
                 *|     *  *  *      | *
        _________)/\\_//(\/(/\)/\//\/|_)_______

Aloha DiePARTEI the Tourist...

You turned to stone in The Gnomish Mines on dungeon level 6 with 35820 points,
and 4937 pieces of gold, after 14771 moves.
You were level 10 with a maximum of 98 hit points when you turned to stone.

